 Dungeon Crawl Stone Soup version 0.29.0-15-g675c0067aa (webtiles) character file.

Game seed: 13193791980834170985

356 qw the Chopper (level 6, -7/38 HPs)
             Began as a Gargoyle Fighter on Sept 12, 2022.
             Killed by divine providence
             ... invoked by an orc priest
              (12 damage)
             ... on level 5 of the Dungeon.
             The game lasted 00:00:59 (2968 turns).

qw the Chopper (Gargoyle Fighter)                   Turns: 2968, Time: 00:00:59

Health: -7/38      AC: 13    Str: 21    XL:     6   Next: 63%
Magic:  6/6        EV:  7    Int:  9    God:
Gold:   137        SH:  4    Dex:  9    Spells: 5/5 levels left

rFire   . . .      SeeInvis .   Y - +0 war axe
rCold   . . .      Faith    .   c - +0 buckler
rNeg    + . .      Spirit   .   f - +0 chain mail
rPois   inf        Reflect  .   (no helmet)
rElec   +          Harm     .   (no cloak)
rCorr   .          Rampage  .   (no gloves)
Will    .....                   (no boots)
Stlth   ..........              (no amulet)
HPRegen 0.12/turn               (no ring)
MPRegen 0.10/turn               (no ring)

@: no status effects
A: sickness immunity, AC +4, negative energy resistance 1, electricity
resistance, torment resistance 1, petrification resistance
a: no special abilities


You were on level 5 of the Dungeon.
You visited 1 branch of the dungeon, and saw 4 of its levels.

You collected 137 gold pieces.


Innate Abilities, Weirdness & Mutations

You are immune to sickness and miasma.
Your stone body is resilient. (AC +4)
You are immune to poison.
You resist negative energy. (rN+)
You are resistant to electric shocks. (rElec)
You are resistant to unholy torment.
You are immune to petrification.


   Skills:
 - Level 4.0 Fighting
 + Level 5.9 Axes
 - Level 3.2 Armour
 - Level 3.2 Shields


You had 5 spell levels left.
You didn't know any spells.
Your spell library was empty.

Inventory:

Hand Weapons
 j - a +0 flail
 Y - a +0 war axe (weapon)
Armour
 c - a +0 buckler (worn)
 f - a +0 chain mail (worn)
Jewellery
 i - a ring of flight
Scrolls
 g - a scroll of immolation {unknown}
 k - a scroll of amnesia {unknown}
 m - a scroll of fear {unknown}
Potions
 a - a potion of curing {unknown}
 b - a potion of attraction {unknown}
 d - a potion of might
 e - a potion of berserk rage {unknown}
 h - a potion of invisibility {unknown}
 l - a potion of mutation {unknown}

Dungeon Overview and Level Annotations

Branches:
Dungeon (3/15)

Altars:
Uskayaw
Wu Jian
Zin

Shops:
D:3 [


Message History

Pain shoots through your body!
An orc comes into view. It is wielding a +0 dagger.
The orc shouts!
You hear a shout!
The orc priest begins to cast a cantrip, but forgets the words!
You slash the orc!
You kill the orc!
An orc comes into view. It is wielding a +0 falchion.
An orc and a jelly come into view.
The jelly quivers.
The orc priest mumbles some strange prayers to Beogh against you.
You barely resist.
You see here a +0 dagger.
Found a stone staircase leading down.
An orc comes into view. It is wielding a +0 hand axe.
The orc priest invokes the aid of Beogh against you.
Pain shoots through your body!
The orc shouts!
You slash the orc!
You kill the orc!
The orc throws a boomerang.
The boomerang hits you. You block the orc's attack.
The orc priest invokes the aid of Beogh against you.
Beogh smites you!
Things that are here:
a +0 falchion; an orc corpse You barely miss the orc.
The orc hits you but does no damage.
You slash the orc!
You kill the orc!
The orc throws a boomerang.
You block the boomerang. The jelly barely misses you.
You hit the jelly.
Your hands burn!
The jelly is heavily wounded.
The jelly hits you but does no damage.
You slash the jelly!
You kill the jelly!
The orc priest invokes the aid of Beogh against you.
You barely resist.
The orc priest mumbles some strange prayers to Beogh against you.
Beogh smites you!
You die...

#.#.# #. #.#.# #># #.#.#
..
##..######.#.#######.#
........##.#......##.#
~~~~~~~.##.######.##.#
....~.##.# ##.##.## #.
#¤¤¤##.# ##..#...##
#..[#o~@##.# ##.#)).....
#._.#o~.##.###.###....##
~ ...#.¤.##.##.## ##..##
~.###.#.~).....## ##.#
~...¤¤..~..####.## ##.##
¤~~~~~~~~.## ##.###.##
...¤..))..# ##.#.####..
......)..## ##........
#######.## #..###.##


You could see an orc priest and an orc.

Vanquished Creatures
  Sigmund (D:3)
  A jelly (D:5)
  7 gnolls
  4 adders
  2 worms
  A dart slug (D:5)
  7 orcs (D:5)
  A bat (D:3)
  3 endoplasms
  7 hobgoblins
  5 jackals (D:1)
  7 kobolds
  A quokka (D:2)
  4 ball pythons
  5 frilled lizards
  4 goblins
  4 rats
64 creatures vanquished.

Vanquished Creatures (others)
  2 plants (D:2)
2 creatures vanquished.

Grand Total: 66 creatures vanquished

Notes
Turn   | Place    | Note
-------+----------+-------------------------------------------
     0 | D:1      | qw the Gargoyle Fighter began the quest for the Orb.
     0 | D:1      | Reached XP level 1. HP: 14/14 MP: 1/1
     0 | D:1      | 0 ||| qw: Version: 0.1-a-119-g272c26d
     0 | D:1      | 0 ||| qw: Game counter: 10998
     0 | D:1      | 0 ||| qw: Always use a shield: true
     0 | D:1      | 0 ||| qw: God list: Okawaru
     0 | D:1      | 0 ||| qw: Allow faded altars: false
     0 | D:1      | 0 ||| qw: Do Orc after D:15 true
     0 | D:1      | 0 ||| qw: Do second Lair branch before Depths: true
     0 | D:1      | 0 ||| qw: Lair rune preference: random
     0 | D:1      | 0 ||| qw: Plans: Normal, Zot, God:TSO, Crypt, Tomb, Pan,
                  | Slime, Hells, Zig, Abyss, Orb
     0 | D:1      | 0 ||| PLANNING D:1-11
    20 | D:1      | Reached skill level 2 in Axes
    90 | D:1      | 90 ||| Stepping ~*~*~tactically~*~*~ (stealth).
    97 | D:1      | Reached XP level 2. HP: 17/19 MP: 2/2
   273 | D:1      | HP: 4/19 [goblin/+0 club (1)]
   512 | D:1      | 512 ||| DROPPING +0 club.
   514 | D:1      | Found a faded altar of an unknown god.
   987 | D:1      | 987 ||| READING scroll labelled AWUYGRAJAG.
   990 | D:1      | 990 ||| READING scroll labelled FUITUIMOUL.
  1106 | D:2      | Reached skill level 3 in Axes
  1185 | D:2      | Reached XP level 3. HP: 23/23 MP: 3/3
  1230 | D:2      | Found an ornate altar of the Wu Jian Council.
  1844 | D:2      | 1844 ||| UPGRADING to +0 chain mail.
  1854 | D:2      | 1854 ||| DROPPING +0 scale mail.
  1855 | D:2      | 1855 ||| DRINKING 2 fuming pink potions.
  1856 | D:2      | 1856 ||| DROPPING potion of brilliance.
  1878 | D:3      | Noticed Sigmund
  1887 | D:3      | Killed Sigmund
  1888 | D:3      | Reached skill level 5 in Axes
  1888 | D:3      | Reached XP level 4. HP: 8/28 MP: 4/4
  1888 | D:3      | Reached XP level 5. HP: 10/32 MP: 5/5
  1892 | D:3      | HP: 6/32 [worm (3)]
  1893 | D:3      | HP: 2/32 [worm (4)]
  2252 | D:3      | Found Anexokh's Armour Shoppe.
  2263 | D:3      | 2263 ||| SHOPLISTING +2 chain mail of fire resistance (301
                  | gold, have 109).
  2263 | D:3      | 2263 ||| SHOPLISTING +3 pair of seven-league boots
                  | {Rampage+∞} (560 gold, have 109).
  2322 | D:3      | 2322 ||| Stepping ~*~*~tactically~*~*~ (stealth).
  2349 | D:3      | 2349 ||| Stepping ~*~*~tactically~*~*~ (hiding).
  2357 | D:3      | Reached XP level 6. HP: 38/38 MP: 6/6
  2357 | D:3      | 2357 ||| Stepping ~*~*~tactically~*~*~ (hiding).
  2444 | D:3      | 2444 ||| DROPPING +0 whip.
  2544 | D:3      | 2544 ||| FLEEEEING.
  2545 | D:3      | 2545 ||| FLEEEEING.
  2606 | D:3      | Found a hide-covered altar of Uskayaw.
  2607 | D:3      | 2607 ||| Stepping ~*~*~tactically~*~*~ (stealth).
  2611 | D:3      | 2611 ||| Stepping ~*~*~tactically~*~*~ (stealth).
  2612 | D:3      | 2612 ||| Stepping ~*~*~tactically~*~*~ (stealth).
  2705 | D:3      | You fall into a shaft and drop 2 floors!
  2705 | D:5      | Entered Level 5 of the Dungeon
  2754 | D:5      | 2754 ||| Stepping ~*~*~tactically~*~*~ (stealth).
  2919 | D:5      | Found a glowing silver altar of Zin.
  2961 | D:5      | HP: 7/38 [orc priest/divine providence (11)]
  2968 | D:5      | Killed from afar by an orc priest

Levels and vault maps discovered:
D:1:      dpeg_arrival_shrine, layout_rooms, ebering_ecumenical_altar_mist
D:2:      layout_basic, basic_altar, serial_bayou_crossing
D:3:      layout_basic, eat_drink_and_be_merry_uskayaw, serial_shops,
          nicolae_lakefront_shop, minmay_tree_intersection, kennysheep_donut,
          amcnicky_mini_corridor_feature, uniq_sigmund
D:5:      layout_loops_ring, mainiacjoe_overflow_brackets,
          mainiacjoe_overflow_divided_tiny, serial_shops, shop, uniq_eustachio

Skill      XL: |  1  2  3  4  5  6 |
---------------+-------------------+-----
Axes           | 2 3 5 |  5.9
Fighting       | 4 |  4.0
Armour         | |  3.2
Shields        | |  3.2

Action                   |  1- 3 |  4- 6 || total
-------------------------+-------+-------++-------
Melee: War axe           |    98 |    84 ||   182
  Use: Scroll            |     2 |       ||     2
       Potion            |     1 |       ||     1
Armor: Scale mail        |    44 |       ||    44
       Chain mail        |     3 |    47 ||    50
Dodge: Dodged            |    49 |    24 ||    73
Block: Buckler           |    16 |    19 ||    35

Table legend:
 A = Non-vault XP
 B = Vault XP
 C = Vault XP percentage of total XP
 D = Non-vault monster count
 E = Vault monster count
 F = Vault count percentage of total count
                 A         B        C        D         E       F
            +---------+---------+-------+---------+---------+-------
      Total |     295 |     214 |  42.0 |      63 |       1 |   1.6
            +---------+---------+-------+---------+---------+-------
        D:1 |      28 |       0 |   0.0 |      17 |       0 |   0.0
        D:2 |      39 |       0 |   0.0 |      15 |       0 |   0.0
        D:3 |     106 |     214 |  66.9 |      18 |       1 |   5.3
        D:5 |     122 |       0 |   0.0 |      13 |       0 |   0.0
            +---------+---------+-------+---------+---------+-------
